 Dungeon Crawl Stone Soup version 0.32-a0-350-g4f4d228785 (webtiles) character file.

Game seed: 11848490315929047314

117676 Psychatog the Thanatomancer (level 16, -6/70 (97) HPs)
             Began as a Deep Elf Summoner on Feb 17, 2024.
             Was an Elder of Jiyva.
             Mangled by a spriggan berserker
             ... wielding a +0 rapier
              (26 damage)
             ... on level 3 of the Swamp on Feb 18, 2024.
             The game lasted 01:09:52 (30364 turns).

Psychatog the Thanatomancer (Deep Elf Summoner)    Turns: 30364, Time: 01:09:53

HP:   -6/70 (97)    AC: 15    Str:  5      XL:     16   Next: 23%
MP:   3/36          EV: 11    Int: 35      God:    Jiyva [****..]
Gold: 2268          SH:  5    Dex: 13 (15) Spells: 7/43 levels left

rFire   + . .        P - +3 Elemental Staff {ele, rElec rF+ rC+ AC+3}
rCold   + . .        (no shield)
rNeg    . . .        J - +0 ring mail {rPois}
rPois   +            (helmet restricted)
rElec   +            G - +2 cloak
rCorr   +            R - +2 pair of gloves
SInv    .            B - +0 pair of boots
Will    +....        n - amulet of reflection
Stlth   ++++         l - +6 ring of intelligence
HPRegen 1.59/turn    u - ring of wizardry
MPRegen 0.89/turn

%: reflection, clarity, wizardry (x1)
@: very heavily drained
A: antennae 2, clarity, eyeballs 1, evolution 2
a: Renounce Religion, Oozemancy, Slimify


You were on level 3 of the Swamp.
You worshipped Jiyva.
Jiyva was greatly pleased with you.
You visited 5 branches of the dungeon, and saw 25 of its levels.

You collected 2478 gold pieces.
You spent 210 gold pieces at shops.

Inventory:

Hand Weapons
 P - the +3 Elemental Staff (weapon) {ele, rElec rF+ rC+ AC+3}
   (You acquired it on level 10 of the Dungeon)

   AC+3:      It affects your AC (+3).
   rF+:       It protects you from fire.
   rC+:       It protects you from cold.
   rElec:     It insulates you from electricity.
Missiles
 r - 4 throwing nets
 D - 2 curare-tipped darts
Armour
 x - a +0 helmet
 B - a +0 pair of boots (worn)
 G - a +2 cloak (worn)
 H - +0 steam dragon scales
 J - a +0 ring mail of poison resistance (worn)
 R - a +2 pair of gloves (worn)
Jewellery
 l - a +6 ring of intelligence (left hand)
 m - a ring of resist corrosion
 n - an amulet of reflection (around neck)
 u - a ring of wizardry (right hand)
 v - a ring of ice
 O - a ring of positive energy
 Q - a ring of fire
 T - a ring of ice
 U - a ring of willpower
 W - a ring of poison resistance
Wands
 c - a wand of light (2)
 i - a wand of roots (13)
 q - a wand of flame (35)
 F - a wand of paralysis (19)
Scrolls
 e - 2 scrolls of noise
 f - 4 scrolls of enchant armour
 h - 2 scrolls of amnesia
 j - 6 scrolls of teleportation {@r3}
 p - 2 scrolls of blinking {@r4}
 s - 2 scrolls of enchant weapon
 w - 2 scrolls of brand weapon
 y - 4 scrolls of vulnerability {!r}
 z - 6 scrolls of poison
 A - 7 scrolls of fog {@r2}
 K - 2 scrolls of revelation {@r5}
 N - 4 scrolls of immolation
 S - a scroll of acquirement
 V - a scroll of silence {unknown}
Potions
 a - a potion of mutation
 b - 4 potions of magic
 d - a potion of enlightenment {unknown}
 g - 3 potions of cancellation
 k - 2 potions of ambrosia {unknown}
 o - 4 potions of curing {@q2}
 t - 5 potions of heal wounds {unknown}
 C - a potion of might {unknown}
 E - 3 potions of berserk rage
 I - a potion of haste {unknown}
 L - 2 potions of degeneration
 M - a potion of brilliance {unknown}
 X - a potion of lignification {unknown}


   Skills:
 - Level 10.0 Fighting
 - Level 10.0 Dodging
 - Level 10.0 Stealth
 - Level 14.0 Spellcasting
 - Level 8.0 Hexes
 - Level 11.0 Summonings
 + Level 21.7 Necromancy
 - Level 4.0 Translocations
 - Level 5.0 Air Magic
 - Level 6.0 Earth Magic


You had 7 spell levels left.
You knew the following spells:

 Your Spells              Type           Power      Damage    Failure   Level
a - Martyr's Knell        Necr/Summ      95%        N/A       1%          4
b - Blink                 Tloc           100%       N/A       1%          2
d - Death Channel         Necr           54%        N/A       1%          6
e - Anguish               Hex/Necr       45%        N/A       1%          4
h - Haunt                 Necr/Summ      47%        N/A       3%          7
l - Summon Lightning Spi  Summ/Air       88%        N/A       1%          4
v - Borgnjor's Vile Clut  Necr/Erth      55%        N/A       1%          5
A - Animate Dead          Necr           100%       N/A       0%          4

Your spell library contained the following spells:

 Spells                   Type           Power      Damage    Failure   Level
 Necrotise                Necr           100%       1d9       0%          1
 Sublimation of Blood     Necr           100%       N/A       0%          2
 Fugue of the Fallen      Necr           100%       N/A       0%          3
 Vampiric Draining        Necr           100%       2d13      0%          3
 Sandblast                Erth           100%       2d20      1%          1
 Summon Small Mammal      Summ           100%       N/A       1%          1
 Call Imp                 Summ           100%       N/A       1%          2
 Cigotuvi's Dreadful Rot  Necr/Alch/Air  100%       N/A       1%          2
 Ensorcelled Hibernation  Hex/Ice        100%       N/A       1%          2
 Lesser Beckoning         Tloc           100%       N/A       1%          2
 Mercury Vapours          Alch/Air       100%       N/A       1%          2
 Call Canine Familiar     Summ           79%        N/A       1%          3
 Gell's Gravitas          Tloc           51%        N/A       1%          3
 Passwall                 Erth           79%        N/A       1%          3
 Teleport Other           Tloc           51%        N/A       1%          3
 Tukima's Dance           Hex            69%        N/A       1%          3
 Animate Armour           Summ/Erth      100%       N/A       1%          4
 Curse of Agony           Necr           100%       N/A       1%          5
 Momentum Strike          Conj/Tloc      76%        3d10      2%          2
 Stone Arrow              Conj/Erth      100%       3d13      2%          3
 Freeze                   Ice            100%       1d10      3%          1
 Sting                    Conj/Alch      96%        1d9       3%          1
 Summon Blazeheart Golem  Fire/Summ      76%        N/A       3%          4
 Passage of Golubria      Tloc           51%        N/A       6%          4
 Brom's Barrelling Bould  Conj/Erth      62%        2d8       9%          4
 Leda's Liquefaction      Alch/Erth      31%        N/A       9%          4
 Petrify                  Alch/Erth      62%        N/A       9%          4
 Frozen Ramparts          Ice            72%        1d11      10%         3
 Hailstorm                Conj/Ice       36%        3d9       10%         3
 Metabolic Englaciation   Hex/Ice        34%        N/A       16%         5
 Yara's Violent Unravell  Hex/Alch       25%        3d11      16%         5
 Ignite Poison            Fire/Alch      36%        N/A       30%         4
 Olgreb's Toxic Radiance  Alch           24%        N/A       30%         4
 Freezing Cloud           Conj/Ice/Air   34%        6-21      41%         5
 Fireball                 Conj/Fire      18%        3d9       61%         5
 Iskenderun's Battlesphe  Conj           24%        2d8       61%         5
 Dispersal                Tloc           25%        N/A       65%         6
 Conjure Ball Lightning   Conj/Air       29%        3x3d8     83%         6
 Orb of Destruction       Conj           12%        9d7       100%        7
 Borgnjor's Revivificati  Necr           54%        N/A       2%          8
 Infestation              Necr           54%        N/A       2%          8
 Death's Door             Necr           54%        N/A       38%         9
 Lehudib's Crystal Spear  Conj/Erth      31%        10d8      100%        8


Dungeon Overview and Level Annotations

Branches:
Dungeon (14/15)            Temple (1/1) D:5            Lair (5/5) D:10
  Swamp (3/4) Lair:3        Snake (0/4) Lair:3        Slime (0/5) Lair:4
    Orc (2/2) D:9             Elf (0/3) Orc:2        Vaults (0/5) D:13

Altars:
Ashenzari
Cheibriados
Dithmenos
Elyvilon
Fedhas
Gozag
Hepliaklqana
Kikubaaqudgha
Makhleb
Nemelex Xobeh
Okawaru
Qazlal
Ru
Sif Muna
Trog
Uskayaw
Vehumet
Wu Jian
Xom
Yredelemnul
Zin
The Shining One
Beogh
Jiyva
Lugonu

Shops:
D:1 !   D:5 :   D:7 =   D:9 (   Orc:2 [([[

Portals:
Abyss: Lair:5

Annotations:
Lair:3 2 transporters, Fureje's ghost, novice SpDe


Innate Abilities, Weirdness & Mutations

You have a pair of antennae on your head.
You possess an exceptional clarity of mind.
Your body has grown eyes which may confuse attackers. (Acc +3)
You have great hidden genetic potential.


Message History

Press: ? - help, Shift-Dir - straight line, f - spriggan berserker
Aim: a spriggan berserker, wielding a +0 rapier and wearing a +0 animal skin (regenerating, strong-willed, ally target, 100% to hit)
You feel a surge of power!
Zombie hands grab the spriggan berserker.
Your wraith is unaffected.
Zombie hands grab the swamp dragon.
The zombie hands constrict the swamp dragon.
The zombie hands constrict the spriggan berserker.
Your wraith disappears in a puff of smoke!
The spriggan berserker struggles to escape constriction.
The swamp dragon bites your wraith but does no damage.
The swamp dragon claws your wraith but does no damage.
The swamp dragon tramples your wraith!
Your wraith is shoved backwards!
The swamp dragon struggles to escape constriction.
Unknown command.
Unknown command.
Unknown command.
Unknown command.
The zombie hands constrict the swamp dragon!
The zombie hands constrict the spriggan berserker!
Your wraith disappears in a puff of smoke!
The spriggan berserker struggles to escape constriction.
The spriggan berserker escapes!
The swamp dragon escapes!
The spriggan berserker mumbles some strange prayers to Trog.
The spriggan berserker goes berserk!
The thorn hunter is no longer moving slowly.
The spriggan berserker prays to Trog.
Casting: Borgnjor's Vile Clutch (dangerous; 1% risk of failure)
Confirm with . or Enter, or press ? or * to list all spells.
Aiming: Borgnjor's Vile Clutch (dangerous; 1% risk of failure)
Press: ? - help, Shift-Dir - straight line, f/p - spriggan berserker
Aim: a spriggan berserker, wielding a +0 rapier and wearing a +0 animal skin (berserk, regenerating, strong-willed, 100% to hit)
You feel a surge of power!
Zombie hands grab the spriggan berserker.
The zombie hands constrict the spriggan berserker.
The spriggan berserker hits you with a +0 rapier!!
* * * LOW HITPOINT WARNING * * *
The spriggan berserker hits you with a +0 rapier!!
You die...
Jiyva sends a jelly to digest your remains.

≈♣≈ ♣♣~~♣♣♣♣..♣. ~~ ~#
~.~. ≈♣ ♣♣♣.♣♣ ~.♣.~ .
.#~.~$~ ♣ ♣.~~♣♣ ~.~~ .
.#~.(._ ♣ ♣♣~..~♣
~.§♣~.~†.~§ ♣ ♣§.~~.♣
.♣.~#...~§ ♣ ♣♣.~.♣♣
~~Y†...~. ♣....♣♣
♣♣♣Di...(~~ ♣♣...^♣
♣♣.~~~f~~.~.
♣♣~♣.♣♣♣♣♣♣♣♣♣@i.~..~~~..
♣♣.....♣~♣♣~.♣.♣..~~#.#...
♣.~~~..~...~...~....~... .
♣♣.~.~...~....~....~~..#.~
♣♣♣~~.~.~~~..~.....##~# .
♣♣♣.†.~~.~~.~...~~~...
♣♣~~...~~..~..~..~.~
♣~......~.~~...~..
♣.~..~....~.~~...


You could see a thorn hunter, a death yak (summoned, berserk), a swamp dragon
and 2 spriggan berserkers.

Vanquished Creatures
  A fenstrider witch (Swamp:1)
  Louise (Swamp:1)
  A bunyip (Swamp:3)
  2 hydras
  A centaur warrior (D:13)
  3 vault guards (D:13)
  2 alligators (Swamp:2)
  A boulder beetle (D:13)
  An orc high priest (Orc:2)
  A thrashing horror (Lair:5)
  A spriggan (Swamp:2)
  A swamp dragon (Swamp:1)
  An arcanist (D:13)
  A large abomination (Lair:5)
  An ugly thing zombie (D:14)
  15 ugly things
  An orc sorcerer (Orc:1)
  An elephant (Lair:5)
  A smoke demon (Lair:5)
  2 cane toads
  2 kobold demonologists (D:13)
  A troll (D:12)
  A hornet (Swamp:2)
  A polar bear (Lair:5)
  Grinder (D:5)
  A bloated husk (Swamp:1)
  A raiju (Lair:5)
  A raiju (shapeshifter) (Lair:5)
  A tarantella (shapeshifter) (Lair:5)
  A blink frog (shapeshifter) (Lair:5)
  A shadow (D:9)
  A centaur simulacrum (D:14)
  4 yaks
  A yak (shapeshifter) (D:14)
  A fire bat (Orc:2)
  6 humans (D:13)
  2 basilisks (Lair:5)
  7 vampire mosquitoes
  A chaos spawn (Lair:5)
  4 small abominations (Lair:5)
  3 swamp worms
  A harpy simulacrum (D:14)
  3 water moccasins
  6 orc warriors
  2 centaurs
  A kobold brigand (D:10)
  An earth elemental (D:10)
  A bullfrog (Lair:2)
  A killer bee (D:8)
  2 electric eels
  A howler monkey (D:12)
  A jelly (D:8)
  6 orc priests
  A sleepcap (D:5)
  An iguana (D:3)
  3 orc wizards
  2 adders
  4 gnolls (D:12)
  A shadow imp (D:5)
  23 orcs
  2 bats (D:3)
  An endoplasm (D:3)
  2 goblins (D:3)
  A hobgoblin (D:3)
  A jackal (D:1)
  7 kobolds
  An orc zombie (D:11)
  3 rats
160 creatures vanquished.

Vanquished Creatures (collateral kills)
  Jorgrun (D:14)
  A thorn hunter (Swamp:2)
  An orc warlord (Orc:2)
  A quicksilver ooze (Lair:5)
  2 eleionomae (Swamp:2)
  2 bunyips (Swamp:2)
  Harold (D:9)
  2 catoblepae
  4 hydras
  3 centaur warriors
  5 alligators
  3 two-headed ogres
  A boulder beetle (D:13)
  4 death yaks
  A skyshark (Lair:5)
  5 goliath frogs
  A large abomination (Lair:5)
  3 ugly thing zombies (D:14)
  2 arcanists
  2 swamp dragons (Swamp:2)
  2 orc knights
  3 bog bodies
  A goliath frog zombie (Swamp:1)
  A deep elf zephyrmancer (D:14)
  3 necromancers
  3 will-o-the-wisps
  3 orc sorcerers
  An alligator zombie (Swamp:2)
  Maurice (D:8)
  13 ugly things
  A salamander (Lair:3)
  A cyclops (D:11)
  2 meliai (D:13)
  8 elephants
  2 manticores
  3 kobold blastminers (Orc:2)
  2 smoke demons (Lair:5)
  A black mamba (Lair:5)
  A gargoyle (D:13)
  Maggie (D:8)
  3 cane toads
  6 komodo dragons
  2 swamp worm zombies
  4 rime drakes
  5 tyrant leeches
  Prince Ribbit (D:6)
  5 trolls
  A raiju (Lair:5)
  4 hornets
  21 blink frogs
  4 dream sheep (Lair:5)
  Sigmund (D:6)
  5 slime creatures (Lair:5)
  2 spriggans
  3 vampires
  5 wyverns
  5 wraiths
  27 yaks
  A tyrant leech zombie (Swamp:2)
  A warg (Orc:1)
  A fire bat (Orc:2)
  8 basilisks
  A fire elemental (D:10)
  8 humans (D:13)
  A naga (Lair:3)
  2 vampire mosquitoes (D:9)
  7 small abominations (Lair:5)
  A two-headed ogre zombie (D:13)
  6 swamp worms
  An acid dragon (D:10)
  Duvessa (D:6)
  12 water moccasins
  3 black bears
  An ice beast (D:8)
  5 swamp drakes
  An elephant zombie (Lair:4)
  4 laughing skulls
  17 orc warriors
  3 centaurs
  7 ogres
  2 komodo dragon zombies (Lair:4)
  2 kobold brigands
  A phantom (D:5)
  A weeping skull (D:5)
  14 bullfrogs
  4 scorpions
  4 wights (D:6)
  Dowan (D:5)
  12 killer bees
  2 troll zombies
  A bombardier beetle (D:7)
  4 lava snakes (D:8)
  2 howler monkeys
  A hound (D:6)
  6 jellies
  2 human zombies (D:13)
  11 orc priests
  2 gnoll boudas
  7 iguanas
  18 orc wizards
  Natasha (thrice) (D:2)
  7 hell rats (Lair:4)
  12 gnolls
  8 adders
  A white imp (D:7)
  2 ufetubi (D:6)
  2 dart slugs
  4 ribbon worms
  59 orcs
  2 bats
  7 endoplasms
  3 giant cockroaches
  A gnoll zombie (D:12)
  4 goblins
  4 hobgoblins
  11 jackals (D:1)
  11 kobolds
  7 ball pythons
  A frilled lizard (D:1)
  A rat (D:1)
  A spectral orc (D:5)
542 creatures vanquished.

Vanquished Creatures (others)
  A bunyip (Swamp:2)
  An alligator (Swamp:2)
  2 two-headed ogres
  A centaur warrior (D:13)
  An orc high priest (Orc:2)
  2 bunyip zombies
  A bog body (Swamp:3)
  An orc knight (Orc:1)
  5 ugly thing zombies (D:14)
  5 ugly things (D:14)
  An orc sorcerer (Orc:2)
  A goliath frog zombie (Swamp:2)
  An elephant (Lair:4)
  A meliai (D:13)
  A kobold blastminer (Orc:2)
  A yaktaur (D:13)
  A swamp worm zombie (Swamp:3)
  3 trolls
  2 bloated husks
  An air elemental (D:10)
  A water elemental (D:10)
  A fire bat (Orc:2)
  A yak (D:11)
  2 wargs
  2 humans (D:13)
  3 fire bat zombies (Orc:2)
  4 swamp worms
  An acid dragon (D:11)
  14 orc warriors
  A hornet zombie (Swamp:1)
  2 centaurs
  A gnoll sergeant (D:12)
  A warg zombie (Orc:1)
  2 spriggan zombies
  2 yak zombies (D:11)
  A centaur zombie (D:13)
  3 orc priests
  3 human zombies (D:13)
  54 jellies
  2 orc wizards
  An ogre zombie (Orc:2)
  A swamp drake zombie (Swamp:1)
  10 orcs (Orc:2)
  2 gnoll zombies (D:12)
  33 orc zombies
  2 foxfires (Swamp:3)
183 creatures vanquished.

Grand Total: 885 creatures vanquished

Notes
Turn   | Place    | Note
-------+----------+-------------------------------------------
     0 | D:1      | Psychatog the Deep Elf Summoner began the quest for the
                  | Orb.
     0 | D:1      | Reached XP level 1. HP: 10/10 MP: 6/6
    74 | D:1      | Reached XP level 2. HP: 15/15 MP: 4/8
   464 | D:1      | Found Riac's Distillery.
   705 | D:1      | Found a faded altar of an unknown god.
   781 | D:1      | Reached XP level 3. HP: 19/19 MP: 6/10
  1415 | D:1      | Learned a level 3 spell: Call Canine Familiar
  1424 | D:2      | Reached skill level 5 in Summonings
  1685 | D:2      | Reached XP level 4. HP: 24/24 MP: 12/12
  1898 | D:2      | Reached skill level 5 in Spellcasting
  2000 | D:2      | Noticed Natasha
  2011 | D:2      | Killed Natasha
  2012 | D:2      | Reached XP level 5. HP: 24/28 MP: 12/14
  2182 | D:2      | Noticed Natasha
  2194 | D:2      | Killed Natasha
  2281 | D:2      | Noticed Natasha
  2287 | D:2      | Killed Natasha
  2547 | D:3      | Reached XP level 6. HP: 29/32 MP: 17/17
  2832 | D:2      | Learned a level 4 spell: Summon Lightning Spire
  3577 | D:4      | Reached XP level 7. HP: 36/36 MP: 10/19
  3823 | D:5      | Entered Level 5 of the Dungeon
  3863 | D:5      | Reached skill level 1 in Air Magic
  3897 | D:5      | Found a staircase to the Ecumenical Temple.
  4082 | D:5      | Noticed Grinder
  4104 | D:5      | Killed Grinder
  4134 | D:5      | Found Ethilial's Book Emporium.
  4235 | D:5      | Reached XP level 8. HP: 21/41 MP: 16/22
  4671 | D:5      | Found a basalt altar of Yredelemnul.
  4960 | D:6      | Noticed Prince Ribbit
  4986 | D:6      | Killed Prince Ribbit
  5019 | D:6      | Noticed Dowan
  5024 | D:6      | Noticed Duvessa
  5057 | D:6      | Killed Duvessa
  5067 | D:6      | Reached skill level 5 in Air Magic
  5236 | D:5      | Killed Dowan
  5496 | D:6      | Noticed Sigmund
  5507 | D:5      | Reached skill level 10 in Spellcasting
  5863 | D:6      | Reached XP level 9. HP: 45/45 MP: 17/25
  6357 | D:7      | Found an ornate altar of the Wu Jian Council.
  6452 | D:7      | Found a glowing golden altar of the Shining One.
  6470 | D:7      | Reached skill level 10 in Summonings
  6913 | D:7      | Found Baem's Jewellery Shoppe.
  7030 | D:8      | Noticed Maurice
  7258 | D:8      | Noticed Maggie
  7265 | D:8      | Killed Maggie
  7441 | D:8      | Killed Maurice
  7680 | D:8      | Found a shimmering altar of Xom.
  7852 | D:8      | Found a sparkling altar of Nemelex Xobeh.
  7925 | D:8      | Reached skill level 1 in Fighting
  7925 | D:8      | Reached XP level 10. HP: 52/52 MP: 18/28
  8982 | Temple   | Entered the Ecumenical Temple
  8999 | Temple   | Became a worshipper of Kikubaaqudgha
  9201 | D:9      | Reached skill level 5 in Stealth
  9537 | D:9      | Reached skill level 5 in Dodging
  9666 | D:9      | Reached * piety under Kikubaaqudgha
  9666 | D:9      | Received a gift from Kikubaaqudgha
  9731 | D:9      | Found Qiad's Weapon Shoppe.
  9804 | D:9      | Found a staircase to the Orcish Mines.
  9984 | D:9      | Noticed Harold
  9991 | D:9      | HP: 1/49 [Harold/+2 battleaxe of draining (11)]
 10180 | D:9      | Killed Harold
 10386 | D:10     | Entered Level 10 of the Dungeon
 10437 | D:10     | Noticed a two-headed ogre
 10453 | D:10     | Killed a two-headed ogre
 10454 | D:10     | Reached XP level 11. HP: 60/60 MP: 20/30
 10555 | D:10     | Found a large runed translucent door.
 10556 | D:10     | Found a large runed translucent door.
 10761 | D:10     | Found a staircase to the Lair.
 10796 | D:10     | Reached ** piety under Kikubaaqudgha
 11204 | D:10     | Reached skill level 5 in Fighting
 11426 | D:10     | Noticed a two-headed ogre
 11502 | D:6      | Killed Sigmund
 11593 | Lair:1   | Entered Level 1 of the Lair of Beasts
 11766 | D:10     | Identified a scroll of acquirement
 11767 | D:10     | Acquired the +3 Elemental Staff {ele, rElec rF+ rC+ AC+3}
 11767 | D:10     | Found the +3 Elemental Staff {ele, rElec rF+ rC+ AC+3}
 11809 | Orc:1    | Entered Level 1 of the Orcish Mines
 11809 | Orc:1    | Noticed an orc knight
 12807 | Lair:1   | Learned a level 2 spell: Blink
 12957 | Lair:2   | Noticed a catoblepas
 12967 | Lair:2   | Killed a catoblepas
 12968 | Lair:2   | Reached skill level 10 in Stealth
 12968 | Lair:2   | Reached skill level 1 in Translocations
 13145 | Lair:2   | Reached XP level 12. HP: 70/70 MP: 23/32
 13154 | Lair:2   | Reached *** piety under Kikubaaqudgha
 13154 | Lair:2   | Received a gift from Kikubaaqudgha
 13806 | Lair:2   | Learned a level 5 spell: Borgnjor's Vile Clutch
 13813 | Lair:2   | Learned a level 6 spell: Death Channel
 13818 | Lair:2   | Learned a level 4 spell: Martyr's Knell
 13823 | Lair:2   | Learned a level 4 spell: Anguish
 13869 | Lair:3   | Found a bloodstained altar of Trog.
 13869 | Lair:3   | Noticed Fureje's ghost (novice SpDe)
 14105 | Lair:3   | Reached skill level 1 in Hexes
 14317 | Lair:3   | You fall into a shaft and drop 1 floor!
 14341 | Lair:4   | Reached skill level 1 in Earth Magic
 14481 | Lair:4   | Reached skill level 10 in Dodging
 14759 | Lair:4   | Noticed an eight-headed hydra
 14773 | Lair:4   | Killed an eight-headed hydra
 14919 | Lair:4   | Found a staircase to the Slime Pits.
 14919 | Lair:4   | Found a viscous altar of Jiyva.
 14977 | Lair:4   | Noticed a catoblepas
 15011 | Lair:4   | Killed a catoblepas
 15548 | Lair:3   | Reached skill level 5 in Hexes
 15604 | Lair:3   | Noticed a four-headed hydra
 15616 | Lair:3   | Killed a four-headed hydra
 15742 | Lair:3   | Found a staircase to the Swamp.
 15994 | Lair:3   | Reached skill level 5 in Earth Magic
 16072 | Lair:3   | Found a transporter.
 16075 | Lair:3   | Found a transporter.
 16222 | Lair:3   | Found a staircase to the Snake Pit.
 16232 | Lair:3   | Reached **** piety under Kikubaaqudgha
 16358 | Lair:5   | Entered Level 5 of the Lair of Beasts
 16497 | Lair:5   | Reached XP level 13. HP: 42/78 MP: 25/33
 17506 | Lair:5   | Learned a level 4 spell: Animate Dead
 18330 | Lair:5   | Reached skill level 10 in Fighting
 18330 | Lair:5   | Reached skill level 1 in Necromancy
 18338 | Lair:5   | Reached skill level 2 in Necromancy
 18406 | Lair:5   | Reached ***** piety under Kikubaaqudgha
 18407 | Lair:5   | Reached skill level 3 in Necromancy
 18609 | Lair:5   | Reached skill level 4 in Necromancy
 18651 | Lair:5   | Reached skill level 5 in Necromancy
 19014 | Lair:5   | Noticed a quicksilver ooze
 19034 | Lair:5   | Reached skill level 6 in Necromancy
 19233 | Lair:5   | Reached skill level 7 in Necromancy
 19616 | Lair:5   | Reached skill level 8 in Necromancy
 19691 | Lair:5   | Found a corrupted altar of Lugonu.
 19691 | Lair:5   | Found a one-way gate to the infinite horrors of the Abyss.
 19694 | Lair:5   | Found the +11 plutonium sword {^Contam Stlth-}
 19696 | Lair:5   | Identified the staff "Rouruin" {rF+ rC+ rN+ Fire}
 19867 | Lair:5   | Killed a quicksilver ooze
 20314 | Orc:1    | Reached skill level 9 in Necromancy
 20339 | Orc:1    | Reached XP level 14. HP: 37/88 MP: 8/34
 20622 | Orc:2    | Entered Level 2 of the Orcish Mines
 20662 | Orc:2    | Found a dark tunnel.
 20941 | Orc:2    | Reached skill level 10 in Necromancy
 21041 | Orc:2    | Found a staircase to the Elven Halls.
 21074 | Orc:2    | Found a roughly hewn altar of Beogh.
 21448 | Orc:2    | Found a roughly hewn altar of Beogh.
 21449 | Orc:2    | Found Nopasih's Armour Emporium.
 21612 | Orc:2    | Reached skill level 11 in Necromancy
 21771 | Orc:2    | Found a roughly hewn altar of Beogh.
 21783 | Orc:2    | Found Sakkex's Armour Shoppe.
 21783 | Orc:2    | Reached ****** piety under Kikubaaqudgha
 22187 | Orc:2    | Noticed an orc warlord
 22198 | Orc:2    | Killed an orc warlord
 22199 | Orc:2    | Reached skill level 12 in Necromancy
 22833 | Orc:2    | Paralysed by an orc sorcerer for 2 turns
 23229 | Orc:2    | Found Mepsao's Antique Armour Emporium.
 23229 | Orc:2    | Found a roughly hewn altar of Beogh.
 23251 | Orc:2    | Found Iwyxkih's Antique Weapon Shoppe.
 23333 | Orc:2    | Received a gift from Kikubaaqudgha (forbidden knowledge)
 23342 | Orc:2    | Learned a level 7 spell: Haunt
 23617 | Orc:1    | Found a roughly hewn altar of Beogh.
 23841 | Orc:2    | Bought a pair of runed gloves for 210 gold pieces
 24027 | Lair:4   | Fell from the grace of Kikubaaqudgha
 24027 | Lair:4   | Became a worshipper of Jiyva Jiegh the Shapeless
 24168 | D:11     | Reached skill level 13 in Necromancy
 24475 | D:11     | Identified the +2 robe "Tivevuca" {rF+ Dex+2}
 24539 | D:11     | Reached * piety under Jiyva
 25037 | D:12     | Found Tutseosm's Antique Armour Emporium.
 25475 | D:12     | Reached ** piety under Jiyva
 25704 | D:13     | Reached skill level 14 in Necromancy
 25990 | D:13     | Paralysed by a chaos spawn for 1 turns
 26127 | D:13     | Reached skill level 15 in Necromancy
 26230 | D:13     | Lost strength.
 26314 | D:13     | Identified the +1 robe of Xaifec Touf {Str+3 Int+5}
 26622 | D:13     | Reached skill level 16 in Necromancy
 26657 | D:13     | Found a gate to the Vaults.
 26662 | D:13     | Reached XP level 15. HP: 70/80 MP: 32/35
 26936 | D:14     | Reached skill level 17 in Necromancy
 27188 | D:14     | Reached *** piety under Jiyva
 27423 | D:14     | Gained mutation: You have a pair of small antennae on your
                  | head. [Jiyva's grace]
 27423 | D:14     | Gained mutation: You have a pair of antennae on your head.
                  | [Jiyva's grace]
 27423 | D:14     | Gained mutation: You have a pair of large antennae on your
                  | head. (SInv) [Jiyva's grace]
 27423 | D:14     | Gained mutation: A frigid envelope surrounds you and
                  | freezes all who hurt you. [Jiyva's grace]
 27446 | D:14     | Reached skill level 18 in Necromancy
 27675 | D:14     | Noticed Jorgrun
 27683 | D:14     | Killed Jorgrun
 28450 | Swamp:1  | Entered Level 1 of the Swamp
 28462 | Swamp:1  | Reached skill level 19 in Necromancy
 28538 | Swamp:1  | Noticed a fenstrider witch
 28544 | Swamp:1  | Killed a fenstrider witch
 28658 | Swamp:1  | You fall into a shaft and drop 1 floor!
 28703 | Swamp:2  | Reached **** piety under Jiyva
 28813 | Swamp:2  | Reached skill level 20 in Necromancy
 28819 | Swamp:2  | Noticed a thorn hunter
 28828 | Swamp:2  | Killed a thorn hunter
 29025 | Swamp:2  | Reached XP level 16. HP: 70/74 MP: 20/36
 29450 | Swamp:1  | Lost mutation: You have a pair of large antennae on your
                  | head. (SInv) [Jiyva's grace]
 29450 | Swamp:1  | Lost mutation: A frigid envelope surrounds you and freezes
                  | all who hurt you. [Jiyva's grace]
 29450 | Swamp:1  | Gained mutation: You have hidden genetic potential.
                  | [Jiyva's grace]
 29450 | Swamp:1  | Gained mutation: You have great hidden genetic potential.
                  | [Jiyva's grace]
 29450 | Swamp:1  | Gained mutation: You possess an exceptional clarity of
                  | mind. [Jiyva's grace]
 29450 | Swamp:1  | Gained mutation: Your body has grown eyes which may confuse
                  | attackers. (Acc +3) [Jiyva's grace]
 29494 | Swamp:1  | Noticed Louise
 29503 | Swamp:1  | Killed Louise
 29504 | Swamp:1  | Reached skill level 21 in Necromancy
 30163 | Swamp:3  | Found the +8 pair of quick blades "Gyre" and "Gimble"
                  | {protect}
 30351 | Swamp:3  | Found a basalt altar of Yredelemnul.
 30357 | Swamp:3  | Noticed a thorn hunter
 30364 | Swamp:3  | Mangled by a spriggan berserker

Illustrated notes

Levels and vault maps discovered:
D:1:      saegor_arrival_simple_e, layout_basic,
          hellmonk_ecumenical_altar_arch_garden, serial_shops, shop
D:2:      cheibrodos_pilgrimage, layout_rooms, uniq_natasha
D:3:      layout_rooms, nicolae_grassy_gnolls
D:4:      layout_gridville
D:5:      layout_loops_ring, yredelemnul_forgotten_temple_becter,
          temple_statues, serial_shops, shop, uniq_grinder
D:6:      layout_rooms, minmay_pentangle, uniq_sigmund, uniq_duvessa,
          uniq_prince_ribbit1
D:7:      layout_cave_pools, mainiacjoe_overflow_tiny_flanked,
          overflow_temple_1_default, serial_shops, nicolae_shop_back_alley_shop
D:8:      layout_loops_cross, xom_redecorated, amcnicky_altar_gilded,
          kennysheep_boxes, uniq_maggie, uniq_maurice
D:9:      minmay_general_purpose_star, layout_rooms, orc_david_3, uniq_harold
D:10:     layout_big_octagon, david_lair_generic, grunt_ministairs_5,
          lightli_elemental_guards
D:11:     layout_roguey, minmay_splitting_lines
D:12:     layout_roguey, serial_shops, nicolae_shop_waterfront
D:13:     layout_loops_ring, grunt_vaults_entry_tiered
D:14:     layout_loops_corners, reono_crystal_passage, uniq_jorgrun
Temple:   nicolae_temple_bog_church
Lair:1:   layout_layer_cave, grunt_megastairs_2
Lair:2:   layout_roguey
Lair:3:   layout_chaotic_city, minmay_swamp_entry_reptiles,
          alex1729_snake_entry_snake, gammafunk_ghost_wrathful_warriors,
          st_stairs_7, infiniplex_staircase_pool
Lair:4:   pond_and_an_island_with_a_cottage, layout_misc_corridors,
          nicolae_slime_entry_field_trip, grunt_megastairs_4
Lair:5:   hellmonk_lair_end_abyssal_woods, layout_cave_pods,
          nicolae_lair_time_for_slime, lemuel_fruit_fields, serial_bayou_shore_a
Swamp:1:  layout_basic_swamp, evilmike_swamp_ruin_house_5, uniq_louise
Swamp:2:  layout_basic_swamp, hangedman_swamp_cone, nicolae_swamp_small_spring,
          swamp_pool_5
Swamp:3:  layout_basic_swamp, nicolae_swamp_feature_on_the_river_bank,
          swamp_pool_4, nicolae_swamp_stair_fork, grunt_ruined_hall,
          infiniplex_staircase_pool_2
Orc:1:    layout_caves, basic_altar
Orc:2:    grunt_orc_community_town_hall, layout_diamond_mine,
          grunt_orc_community_big_house_1, grunt_orc_community_big_house_1,
          grunt_orc_community_house_1, grunt_orc_community_house_3,
          grunt_orc_community_house_2, grunt_orc_community_house_2,
          nicolae_volcano_entry_batcave

Skill      XL: |  1  2  3  4  5  6  7  8  9 10 11 12 13 14 15 16 |
---------------+-------------------------------------------------+-----
Spellcasting   | 4 5 6 7 8 10 12 13 14 | 14.0
Summonings     | 5 6 7 8 9 11 | 11.0
Air Magic      | 3 5 |  5.0
Dodging        | 3 6 9 10 | 10.0
Stealth        | 3 7 10 | 10.0
Fighting       | 1 3 6 7 10 | 10.0
Translocations | 1 4 |  4.0
Hexes          | 7 8 |  8.0
Earth Magic    | 5 6 |  6.0
Necromancy     | 9 16 20 21 | 21.7

Action                     |  1- 3 |  4- 6 |  7- 9 | 10-12 | 13-15 | 16-18 || total
---------------------------+-------+-------+-------+-------+-------+-------++-------
  Melee: Unarmed           |    23 |       |       |       |       |       ||    23
         Dagger            |       |    62 |    72 |    58 |       |       ||   192
         Short sword       |       |       |       |    16 |       |       ||    16
         Staff             |       |       |       |    75 |   288 |    21 ||   384
   Cast: Summon Small Mamm |    51 |    41 |    31 |    22 |     5 |       ||   150
         Call Canine Famil |     2 |    23 |    51 |    78 |    31 |       ||   185
         Summon Lightning  |       |     1 |    49 |    98 |    68 |       ||   216
         Martyr's Knell    |       |       |       |     2 |    13 |     1 ||    16
         Borgnjor's Vile C |       |       |       |       |   141 |    24 ||   165
         Anguish           |       |       |       |       |    77 |    13 ||    90
         Death Channel     |       |       |       |       |    29 |     1 ||    30
         Animate Dead      |       |       |       |       |    17 |     1 ||    18
         Haunt             |       |       |       |       |    62 |    15 ||    77
         Blink             |       |       |       |       |     5 |     2 ||     7
 Invoke: Receive Forbidden |       |       |       |       |     1 |       ||     1
  Evoke: Wand              |       |       |       |     8 |    13 |       ||    21
    Use: Scroll            |       |       |       |    17 |    12 |       ||    29
         Potion            |       |       |       |       |     3 |       ||     3
   Stab: Sleeping          |       |     3 |     1 |     1 |       |       ||     5
         Distracted        |       |       |     2 |     4 |     8 |     1 ||    15
 Armour: Robe              |    25 |    46 |    47 |       |       |       ||   118
         Steam dragon scal |       |       |     8 |   192 |   285 |       ||   485
         Ring mail         |       |       |       |       |    26 |    47 ||    73
  Dodge: Dodged            |    33 |    40 |    77 |   176 |   383 |    18 ||   727
  Block: Other             |       |     1 |    24 |    50 |   102 |     4 ||   181
         Reflection        |       |       |     1 |     7 |     4 |       ||    12

Table legend: (Time is in decaauts)
 A = Elapsed time spent in this place.
 B = Non-inter-level travel time spent in this place.
 C = Inter-level travel time spent in this place.
 D = Time resting spent in this place.
 E = Time spent auto-exploring this place.
 F = Levels seen in this place.
 G = Mean time per level.
                   A        B        C        D        E       F      G
               +--------+--------+--------+--------+--------+-----+--------+
         Total |  30827 |  28116 |   2711 |   2943 |  19686 |  25 | 1233.1 |
       Dungeon |  16291 |  14773 |   1518 |   1360 |  10292 |  14 | 1163.6 |
        Temple |     35 |      1 |     34 |      0 |      0 |   1 |   35.0 |
          Lair |   8718 |   7990 |    728 |   1000 |   5637 |   5 | 1743.6 |
         Swamp |   2072 |   1995 |     77 |     87 |   1486 |   3 |  690.7 |
  Orcish Mines |   3709 |   3357 |    352 |    496 |   2270 |   2 | 1854.5 |
               +--------+--------+--------+--------+--------+-----+--------+

Top non-repeatable levels by time:
  Lair:5: 3179 daAuts
   Orc:2: 2549 daAuts
     D:8: 1918 daAuts
  Lair:4: 1839 daAuts
    D:10: 1625 daAuts
     D:5: 1515 daAuts
  Lair:3: 1478 daAuts
     D:1: 1416 daAuts
    D:13: 1373 daAuts
     D:9: 1232 daAuts
   Orc:1: 1160 daAuts
  Lair:2: 1144 daAuts
     D:6: 1139 daAuts
    D:14: 1083 daAuts
  Lair:1: 1076 daAuts
